 Dungeon Crawl Stone Soup version 0.30.0-29-ga12c61a403 (webtiles) character file.

Game seed: 16884472085343631624

7 McKennaii the Conjurer (level 1, 0/14 HPs)
             Began as a Demigod Conjurer on June 8, 2023.
             Slain by a quokka (3 damage)
             ... on level 1 of the Dungeon.
             The game lasted 00:00:46 (207 turns).

McKennaii the Conjurer (Demigod Conjurer)            Turns: 207, Time: 00:00:47

Health: 0/14       AC:  2    Str:  8    XL:     1   Next: 73%
Magic:  0/5        EV: 12    Int: 20    God:
Gold:   9          SH:  0    Dex: 12    Spells: 3/4 levels left

rFire   . . .        (no weapon)
rCold   . . .        (no shield)
rNeg    . . .        a - +0 robe
rPois   .            (no helmet)
rElec   .            (no cloak)
rCorr   .            (no gloves)
SInv    .            (no boots)
Will    .....        (no amulet)
Stlth   ++           (no ring)
HPRegen 0.22/turn    (no ring)
MPRegen 0.09/turn

%: no passive effects
@: no status effects
A: high MP 1, forlorn, divine attributes
a: no special abilities


You were on level 1 of the Dungeon.
You visited 1 branch of the dungeon, and saw 1 of its levels.

You collected 9 gold pieces.

Inventory:

Armour
 a - a +0 robe (worn)
Jewellery
 c - an amulet of magic regeneration
 e - a +6 ring of intelligence
Scrolls
 d - a scroll of poison {unknown}
Potions
 b - a potion of magic


   Skills:
 - Level 1.7 Dodging
 - Level 1.7 Stealth
 + Level 2.1 Spellcasting
 + Level 3.8 Conjurations


You had 3 spell levels left.
You knew the following spells:

 Your Spells              Type           Power      Damage    Failure   Level
a - Magic Dart            Conj           68%        1d6       3%          1

Your spell library contained the following spells:

 Spells                   Type           Power      Damage    Failure   Level
 Searing Ray              Conj           34%        2d5       4%          2
 Dazzling Flash           Conj/Hex       18%        N/A       22%         3
 Fulminant Prism          Conj/Hex       4%         3d5       56%         4
 Iskenderun's Mystic Bla  Conj/Tloc      9%         2d4       56%         4


Dungeon Overview and Level Annotations

Branches:
Dungeon (1/15)

Shops:
D:1 :


Innate Abilities, Weirdness & Mutations

You have an increased reservoir of magic. (+10% MP)
You shall have no god before yourself.
Your divine heritage dramatically boosts your attributes as you level up.


Message History

The jackal bites you.
Unknown command.
Casting: Magic Dart (safe; 3% risk of failure)
Confirm with . or Enter, or press ? or * to list all spells.
Aiming: Magic Dart (safe; 3% risk of failure)
Press: ? - help, Shift-Dir - straight line, f/p - jackal
Aim: a jackal (100% to hit)
The magic dart hits the jackal.
The jackal is severely wounded.
The jackal closely misses you.
Unknown command.
You barely miss the jackal.
The jackal is severely wounded.
The jackal bites you.
The jackal bites you but does no damage.
You hit the jackal.
The jackal is almost dead.
The jackal bites you.
You hit the jackal.
You kill the jackal!
You hit the quokka but do no damage. The quokka barely misses you.
The quokka barely misses you. The quokka attacks as you move away!
The quokka bites you.
Casting: Magic Dart (safe; 3% risk of failure)
Confirm with . or Enter, or press ? or * to list all spells.
Aiming: Magic Dart (safe; 3% risk of failure)
Press: ? - help, Shift-Dir - straight line, f - quokka
Aim: a quokka (100% to hit)
The magic dart hits the quokka.
The quokka is severely wounded.
The quokka completely misses you. The quokka bites you.
Unknown command.
The quokka attacks as you move away!
The quokka bites you but does no damage.
The quokka barely misses you. The quokka attacks as you move away!
The quokka bites you.
* * * LOW HITPOINT WARNING * * *
The quokka twitches its whiskers.
The quokka attacks as you move away! The quokka bites you.
You die...

######## ... ..# .)#
#.# #.# #.#### ### #.#
#..... ..# #
#.###..######.#
..###.#.†....r@...#.#
......$......####.#.#
#.###.#####..# #.#.##
#........####....##
####.###..........# #
#.......†..#####
#.###.####.#...#.#.###
#.....# #.##.#..#...#
........# #.#...##∩#


You could see a quokka.

Vanquished Creatures
  A ball python (D:1)
  A bat (D:1)
  A goblin (D:1)
  A jackal (D:1)
  A frilled lizard (D:1)
  A kobold (D:1)
  A rat (D:1)
7 creatures vanquished.

Notes
Turn   | Place    | Note
-------+----------+-------------------------------------------
     0 | D:1      | McKennaii the Demigod Conjurer began the quest for the Orb.
     0 | D:1      | Reached XP level 1. HP: 14/14 MP: 5/5
    83 | D:1      | Found Umeucau's Book Shoppe.
   207 | D:1      | Slain by a quokka

Illustrated notes

Levels and vault maps discovered:
D:1:      lordsloth_arrival_two_stooges, layout_loops_ring, serial_shops,
          nicolae_book_shop_shelving

Skill      XL: |  1 |
---------------+----+-----
Spellcasting   | 2 |  2.1
Dodging        | |  1.7
Stealth        | |  1.7
Conjurations   | |  3.8

Action                     || total
---------------------------++-------
  Melee: Unarmed           ||    13
   Cast: Magic Dart        ||    15
 Armour: Robe              ||     5
  Dodge: Dodged            ||    18
